 Dungeon Crawl Stone Soup version 0.32-a0-898-g7811c86cf0 (webtiles) character file.

Game seed: 2839251583552849306

280 Alarak the Trooper (level 6, 0/52 HPs)
             Began as a Barachi Hunter on Apr 4, 2024.
             Was a Believer of Jiyva.
             Killed by divine providence
             ... invoked by an orc priest
              (13 damage)
             ... on level 4 of the Dungeon.
             The game lasted 00:07:31 (2263 turns).

Alarak the Trooper (Barachi Hunter)                 Turns: 2263, Time: 00:07:34

Health: 0/52       AC: 12    Str: 14    XL:     6   Next: 27%
Magic:  6/6        EV: 10    Int: 16    God:    Jiyva [**....]
Gold:   128        SH:  0    Dex: 17    Spells: 5/5 levels left

rFire   . . .        a - +0 shortbow
rCold   . . .        (shield currently unavailable)
rNeg    . . .        j - +6 ring mail of Yheakkij {-Cast rCorr Str+2}
rPois   .            (no helmet)
rElec   .            (no cloak)
rCorr   +            k - +0 pair of gloves
SInv    .            (no boots)
Will    .....        i - amulet of magic regeneration
Stlth   +            l - +6 ring of intelligence
HPRegen 1.24/turn    (no ring)
MPRegen 0.98/turn

%: no spellcasting
@: about to teleport, unable to hop, slow
A: amphibious, slowness 1, strong legs 1, +LOS
a: Hop, Renounce Religion


You were on level 4 of the Dungeon.
You worshipped Jiyva.
Jiyva was pleased with you.
You visited 1 branch of the dungeon, and saw 4 of its levels.

You collected 128 gold pieces.

Inventory:

Hand Weapons
 a - a +0 shortbow (weapon)
Armour
 j - the +6 ring mail of Yheakkij (worn) {-Cast rCorr Str+2}
   (You took it off a hobgoblin on level 3 of the Dungeon)

   Str+2:     It affects your strength (+2).
   -Cast:     It prevents spellcasting.
   rCorr:     It protects you from acid and corrosion.
 k - a +0 pair of gloves (worn)
Jewellery
 i - an amulet of magic regeneration (around neck)
 l - a +6 ring of intelligence (left hand)
Talismans
 m - a serpent talisman
Scrolls
 b - a scroll of butterflies
Potions
 d - a potion of degeneration {unknown}
 f - 2 potions of might {unknown}
 g - a potion of magic {unknown}
 h - a potion of haste {unknown}


   Skills:
 - Level 6.1 Fighting
 - Level 4.5 Ranged Weapons
 + Level 3.5 Armour
 - Level 2.1 Dodging
 - Level 0.8 Stealth


You had 5 spell levels left.
You didn't know any spells.
Your spell library was empty.

Dungeon Overview and Level Annotations

Branches:
Dungeon (4/15)
 Temple: D:4-7

Altars:
Dithmenos
Jiyva

Shops:
D:1 *

Annotations:
D:4 Grinder


Innate Abilities, Weirdness & Mutations

You are amphibious.
You cover ground slowly.
You can hop short distances.
You have an extended range of vision and can be seen from far away.


Message History

The jackal closely misses you.
The gnoll hits you from afar with a +0 spear.
You shoot an arrow. The arrow hits the ogre.
The ogre is severely wounded.
The gnoll hits you but does no damage. The jackal completely misses you.
The ogre misses you.
The gnoll hits you from afar with a +0 spear.
Grinder blinks!
The gnoll closely misses you.
Unknown command.
You shoot an arrow. The arrow barely misses the ogre.
The jackal closely misses you. The gnoll hits you but does no damage.
The jackal bites you but does no damage.
The gnoll barely misses you. The ogre closely misses you. The gnoll misses you.
Grinder blinks!
The gnoll hits you but does no damage.
You shoot an arrow. The arrow hits the ogre!
The ogre is almost dead.
The jackal bites you but does no damage.
The gnoll hits you from afar with a +0 spear.
The gnoll closely misses you.
The jackal bites you but does no damage.
The gnoll hits you but does no damage. The ogre barely misses you.
The gnoll hits you from afar with a +0 spear.
Okay, then.
Okay, then.
You shoot an arrow.
The arrow hits the ogre but does no damage.
The ogre is almost dead.
The jackal bites you but does no damage.
The orc priest mumbles some strange prayers to Beogh against you.
Beogh smites you! The gnoll misses you. The jackal bites you.
The gnoll closely misses you. The gnoll hits you but does no damage.
The ogre hits you but does no damage. The gnoll hits you with a +0 club.
* * * LOW HITPOINT WARNING * * *
As you read the scroll of teleportation, it crumbles to dust.
You feel strangely unstable. The jackal barely misses you.
The gnoll hits you but does no damage. The gnoll closely misses you.
The orc priest calls down the wrath of Beogh upon you.
Beogh smites you!
You die...
Jiyva sends a jelly to digest your remains.

## #. .##. ###. .. # ...#.
#... .. . ......#..# .#
.## .........### #
...##..###
.##......#.###..........#
###....#...#...##gg......
#.#...##...(....#ggo.###.
....#.##..# #...@hSg...).
.#.##.#..####..##Oo..#...
.#.#..##.##>...##K5.......
..............# #.##.#....
........#.....###..#......
........#.....##.......>..
............#....###......
.........#......#.........
........##........###.O..J


You could see Grinder, an ogre, 2 orc priests, 5 gnolls, a jackal, a ball python
and a kobold.

Vanquished Creatures
  A bombardier beetle (D:3)
  An orc priest (D:3)
  2 orc wizards (D:3)
  4 adders
  3 gnolls (D:2)
  2 ribbon worms (D:2)
  4 dart slugs
  6 orcs
  7 bats
  6 endoplasms
  7 giant cockroaches
  5 goblins
  7 hobgoblins
  6 jackals (D:2)
  7 kobolds
  3 quokkas
  10 ball pythons
  4 frilled lizards
  8 rats
93 creatures vanquished.

Vanquished Creatures (others)
  A centaur (D:4)
  An orc priest (D:3)
  3 orc wizards (D:3)
  5 orcs
  3 endoplasms (D:4)
  A goblin (D:4)
  A hobgoblin (D:3)
  A ball python (D:4)
  2 bats (D:3)
  A frilled lizard (D:3)
19 creatures vanquished.

Grand Total: 112 creatures vanquished

Notes
Turn   | Place    | Note
-------+----------+-------------------------------------------
     0 | D:1      | Alarak the Barachi Hunter began the quest for the Orb.
     0 | D:1      | Reached XP level 1. HP: 17/17 MP: 1/1
    43 | D:1      | Reached skill level 3 in Fighting
    49 | D:1      | Reached XP level 2. HP: 24/24 MP: 2/2
   170 | D:1      | Reached skill level 4 in Fighting
   235 | D:1      | Reached XP level 3. HP: 30/30 MP: 3/3
   297 | D:1      | Found Esienituxo's General Store.
   492 | D:2      | Found a shadowy altar of Dithmenos.
   525 | D:2      | Reached skill level 5 in Fighting
   525 | D:2      | Reached XP level 4. HP: 37/39 MP: 4/4
  1244 | D:3      | Reached skill level 6 in Fighting
  1244 | D:3      | Reached XP level 5. HP: 35/46 MP: 5/5
  1376 | D:3      | Identified the +6 ring mail of Yheakkij {-Cast rCorr Str+2}
  1510 | D:3      | Reached skill level 1 in Armour
  1553 | D:3      | Found a faded altar of an unknown god.
  1585 | D:3      | Prayed at the altar of an unknown god.
  1585 | D:3      | Became a worshipper of Jiyva Jakh the Shapeless
  1585 | D:3      | Reached * piety under Jiyva
  1718 | D:3      | Reached XP level 6. HP: 45/52 MP: 6/6
  2224 | D:4      | Reached ** piety under Jiyva
  2247 | D:4      | Noticed Grinder
  2263 | D:4      | Killed from afar by an orc priest

Illustrated notes

Levels and vault maps discovered:
D:1:      minmay_arrival_radiant_lines, layout_rooms, serial_shops,
          nicolae_shop_trees, minmay_tripent
D:2:      layout_basic, basic_altar
D:3:      layout_basic, nicolae_ecumenical_lake_church, grunt_ministairs_7,
          corexii_shack, minmay_cupped
D:4:      layout_cave_pools, grunt_ministairs_11, minmay_manual_mail,
          uniq_grinder

Skill      XL: |  1  2  3  4  5  6 |
---------------+-------------------+-----
Fighting       | 3 4 5 6 |  6.1
Armour         | 2 3 |  3.5
Ranged Weapons | |  4.5
Dodging        | |  2.1
Stealth        | |  0.8

Action                     |  1- 3 |  4- 6 || total
---------------------------+-------+-------++-------
  Melee: Shortbow          |       |     7 ||     7
   Fire: Shortbow          |   105 |   212 ||   317
Ability: Hop               |     1 |     5 ||     6
    Use: Scroll            |     3 |     1 ||     4
 Armour: Leather armour    |    28 |    35 ||    63
         Ring mail         |       |   140 ||   140
  Dodge: Dodged            |    22 |    88 ||   110

Table legend: (Time is in decaauts)
 A = Elapsed time spent in this place.
 B = Non-inter-level travel time spent in this place.
 C = Inter-level travel time spent in this place.
 D = Time resting spent in this place.
 E = Time spent auto-exploring this place.
 F = Levels seen in this place.
 G = Mean time per level.
                   A        B        C        D        E       F      G
               +--------+--------+--------+--------+--------+-----+--------+
         Total |   2669 |   2555 |    114 |     56 |   1913 |   4 |  667.2 |
       Dungeon |   2669 |   2555 |    114 |     56 |   1913 |   4 |  667.2 |
               +--------+--------+--------+--------+--------+-----+--------+

Top non-repeatable levels by time:
     D:3: 1055 daAuts
     D:2: 968 daAuts
     D:1: 495 daAuts
     D:4: 149 daAuts
